 Dungeon Crawl Stone Soup version 0.31-a0-851-g7ff8af7976 (webtiles) character file.

Game seed: 8184957815503141361

176753 Pixllover the Slayer (level 17, -4/145 HPs)
             Began as a Hill Orc Monk on Oct 6, 2023.
             Was the Champion of Beogh.
             Slain by a vampire mage (9 damage)
             ... on level 3 of the Abyss.
             The game lasted 01:43:57 (26620 turns).

Pixllover the Slayer (Hill Orc Monk)               Turns: 26620, Time: 01:43:58

Health: -4/145     AC: 22    Str: 25    XL:     17   Next: 84%
Magic:  25/25      EV: 18    Int: 12    God:    Beogh [******]
Gold:   2955       SH:  0    Dex: 13    Spells: 16/16 levels left

rFire   + . .        d - +3 battleaxe (heavy)
rCold   . . .        (shield currently unavailable)
rNeg    + . .        x - +6 scale mail of Beogh's Pride {MP+9}
rPois   .            s - +2 helmet of Happy Babbling {rF+ Str+3}
rElec   .            D - +0 cloak "Molog" {Drain rN+ Int+2 Slay+2}
rCorr   .            F - +0 pair of gloves
SInv    .            O - +2 pair of boots
Will    +....        C - amulet of regeneration
Stlth   +            Q - +5 ring of evasion
HPRegen 1.24/turn    b - +4 ring of slaying
MPRegen 0.19/turn

%: no passive effects
@: about to teleport
A: walk on water, [deformed body], frail 1[+1], [low MP 2], [screaming 2],
[inability to read after injury 2]
}: 1/15 runes: barnacled
a: Renounce Religion, Smiting, Recall Orcish Followers, Give Item to Named
Follower, Resurrection


You were on level 3 of the Abyss.
You worshipped Beogh.
Beogh was exalted by your worship.
You visited 5 branches of the dungeon, and saw 28 of its levels.
You visited the Abyss 1 time.

You collected 3881 gold pieces.
You spent 926 gold pieces at shops.

Inventory:

Hand Weapons
 d - a +3 heavy battleaxe (weapon)
 M - a +0 great sword
Missiles
 e - 37 poisoned darts (quivered)
 n - 10 atropa-tipped darts
 o - 4 throwing nets
 q - 22 javelins
 J - 2 curare-tipped darts
 R - 9 datura-tipped darts
 S - 7 silver javelins
Armour
 s - the +2 helmet of Happy Babbling (worn) {rF+ Str+3}
   (You found it on level 3 of the Dungeon)

   Str+3:     It affects your strength (+3).
   rF+:       It protects you from fire.
 v - a +0 cloak
 x - the +6 scale mail of Beogh's Pride (worn) {MP+9}
   (You found it on level 3 of the Dungeon)

   MP+9:      It affects your magic capacity (+9).
 D - the +0 cloak "Molog" (worn) {Drain rN+ Int+2 Slay+2}
   (You found it on level 14 of the Dungeon)

   Int+2:     It affects your intelligence (+2).
   Slay+2:    It affects your accuracy & damage with ranged weapons and melee
   (+2).
   rN+:       It protects you from negative energy.
   Drain:     It drains your maximum health when unequipped.
 F - a +0 pair of gloves (worn)
 O - a +2 pair of boots (worn)
Jewellery
 b - a +4 ring of slaying (right hand)
 k - a ring of flight
 C - an amulet of regeneration (around neck)
 K - a ring of willpower
 Q - a +5 ring of evasion (left hand)
Wands
 m - a wand of acid (18)
 w - a wand of flame (56)
 y - a wand of digging (12)
 B - a wand of iceblast (30)
 E - a wand of mindburst (19)
 N - a wand of paralysis (10)
Scrolls
 a - a scroll of brand weapon
 c - 3 scrolls of revelation
 f - 7 scrolls of identify
 g - 8 scrolls of enchant weapon
 i - 8 scrolls of fear
 j - 4 scrolls of blinking
 p - 7 scrolls of enchant armour
 G - 3 scrolls of teleportation
 L - 4 scrolls of fog
 T - 2 scrolls of vulnerability
Potions
 h - 4 potions of enlightenment
 l - 5 potions of mutation
 r - a potion of magic
 t - 7 potions of brilliance
 z - 2 potions of might
 A - 2 potions of invisibility
 H - a potion of cancellation
 I - 10 potions of curing
 P - 2 potions of haste


   Skills:
 * Level 24.1 Fighting
 + Level 23.2 Axes
 + Level 1.3 Throwing
 + Level 12.6 Armour
 + Level 8.1 Dodging
 + Level 4.5 Stealth
 + Level 4.8 Invocations


You had 16 spell levels left.
You didn't know any spells.
Your spell library contained the following spells:

 Spells                   Type           Power      Damage    Failure   Level
 Kiss of Death            Conj/Necr      0%         2d5       54%         1
 Necrotise                Necr           0%         1d4       54%         1
 Slow                     Hex            0%         N/A       54%         1
 Summon Small Mammal      Summ           0%         N/A       54%         1
 Scorch                   Fire           0%         2d5       67%         2
 Sublimation of Blood     Necr           0%         N/A       67%         2
 Call Canine Familiar     Summ           0%         N/A       88%         3
 Confusing Touch          Hex            0%         N/A       88%         3
 Frozen Ramparts          Ice            0%         1d1       88%         3
 Gell's Gravitas          Tloc           0%         N/A       88%         3
 Sigil of Binding         Hex            0%         N/A       88%         3
 Summon Guardian Golem    Hex/Summ       0%         N/A       88%         3
 Teleport Other           Tloc           0%         N/A       88%         3
 Tukima's Dance           Hex            0%         N/A       88%         3
 Vampiric Draining        Necr           0%         2d6       88%         3
 Dimensional Bullseye     Hex/Tloc       0%         N/A       99%         4
 Dispel Undead            Necr           0%         3d6       99%         4
 Flame Wave               Conj/Fire      0%         2d4       99%         4
 Iskenderun's Mystic Bla  Conj/Tloc      0%         2d3       99%         4
 Petrify                  Tmut/Erth      0%         N/A       99%         4
 Agony                    Necr           0%         N/A       100%        5
 Irradiate                Conj/Tmut      0%         3d11      100%        5
 Metabolic Englaciation   Hex/Ice        0%         N/A       100%        5
 Dispersal                Tloc           0%         N/A       100%        6
 Summon Cactus Giant      Summ           0%         N/A       100%        6


Dungeon Overview and Level Annotations

Branches:
Dungeon (15/15)            Temple (0/1) D:7            Lair (5/5) D:11
 Shoals (4/4) Lair:2        Snake (0/4) Lair:3        Slime (0/5) Lair:5
    Orc (2/2) D:9             Elf (0/3) Orc:2        Vaults (2/5) D:13
 Depths (0/4) D:15
  Crypt: Vaults:2-3

Altars:
Ashenzari
Fedhas
Gozag
Kikubaaqudgha
Nemelex Xobeh
Trog
Xom
Yredelemnul
Zin
Beogh
Jiyva

Shops:
D:5 (   D:7 [*   D:12 ?   Orc:2 (!==   Shoals:3 (

Annotations:
D:3 Duvessa
D:5 2 transporters, Beaer's ghost, weakling OpDe
D:8 1 transporter
D:13 3 runed translucent doors
Shoals:1 2 transporters, exclusion: orange crystal statue


Innate Abilities, Weirdness & Mutations

You can walk on water.
[Armour fits poorly on your strangely shaped body.]
[You are very frail. (-20% HP)]
[Your magical capacity is very low. (-20% MP)]
[You frequently scream uncontrollably at your foes.]
[You sometimes lose the ability to read scrolls when taking damage.]


Message History

The smoke demon closely misses you. The smoke demon completely misses you.
The smoke demon misses you. Something hits you but does no damage.
Something bites you but does no damage.
You hear some strange, mumbled words.
A starcursed mass splits. x2
A starcursed mass splits.
The wraith attacks as it pursues you! The wraith closely misses you.
The wraith attacks as it pursues you! The wraith closely misses you.
A starcursed mass splits.
A starcursed mass splits.
A starcursed mass splits.
A deafening chorus of shrieks assaults your mind!
* * * LOW HITPOINT WARNING * * *
You suddenly lose the ability to move!
A starcursed mass splits.
You can move again.
You flicker for a moment.
You flicker back into view.
Okay, then.
You hear some strange, mumbled words.
A bolt of negative energy appears from out of thin air!
The bolt of negative energy misses you. Something hits you but does no damage.
Something bites you but does no damage.
As you read the scroll of teleportation, it crumbles to dust.
You feel strangely unstable.
You feel the power of the Abyss delaying your translocation!
Something hits you but does no damage. Something bites you but does no damage.
You miss something. Something hits you!
* * * LOW HITPOINT WARNING * * *
Something bites you but does no damage.
You slice the starcursed mass like a ripe choko!!!
You destroy the starcursed mass!
Beogh accepts your kill.
You slash something! Something hits you but does no damage.
Something bites you!
* * * LOW HITPOINT WARNING * * *
You barely miss the smoke demon. You closely miss something.
Something hits you.
* * * LOW HITPOINT WARNING * * *
Something bites you!
You die...

###. .. )
.zXX...# .
...##.. . XX
#.X### . ..
..###
.WX#..# . #
#.#
#.###...#
#.#..####.#
..#
####...#.##
# # .#
#.X.#..X3X#
. ~
#3{#.X#..# #
~ #@#..#
..#.#
###..#..#.#.
. ##...
..#~# ..#
#####.### #
. .# . . . .


You could see a starcursed mass and a smoke demon.

Vanquished Creatures
  A tentacled starspawn (Abyss:3)
  Aizul (Shoals:1)
  A frost giant (Vaults:1)
  5 vault wardens (Vaults:1)
  4 ironbound preservers (Vaults:1)
  5 very ugly things (Abyss:3)
  A formless jellyfish (Vaults:1)
  2 stone giants (Vaults:1)
  4 dire elephants
  A merfolk javelineer (Shoals:2)
  3 merfolk impalers (Shoals:4)
  2 deep elf high priests (Vaults:1)
  A yaktaur captain (Vaults:1)
  Josephine (Lair:3)
  3 vault guards (Vaults:1)
  Fannar (Orc:1)
  A hydra (Lair:5)
  Erolcha (D:11)
  2 merfolk avatars
  A death knight (D:14)
  A catoblepas (Lair:5)
  3 ironbound frosthearts (Vaults:1)
  2 boulder beetles
  8 two-headed ogres
  8 centaur warriors
  2 death yaks (Lair:3)
  5 thrashing horrors (Abyss:3)
  4 wretched stars (Abyss:3)
  A shadow wraith (D:14)
  4 skysharks
  6 sea snakes
  7 skeletal warriors
  Lodul (D:13)
  5 deep trolls (Vaults:1)
  A golden dragon zombie (D:15)
  Pikel (D:5)
  A swamp dragon (Lair:5)
  A lindwurm (Vaults:1)
  4 ironbound convokers (Vaults:1)
  A necromancer (D:15)
  8 harpies
  A phantasmal warrior (D:15)
  6 cyclopes
  8 ugly things (D:14)
  2 orc sorcerers
  5 manticores
  A stone giant zombie (D:14)
  6 fauns
  Maurice (D:8)
  2 elephants (Lair:4)
  5 vault sentinels (Vaults:1)
  2 water nymphs (Shoals:3)
  3 black mambas
  5 merfolk sirens
  7 cane toads
  A smoke demon (Abyss:3)
  An apocalypse crab (Abyss:3)
  An orange demon (Abyss:3)
  2 gargoyles (D:12)
  3 unseen horrors
  6 torpor snails
  Maggie (D:6)
  8 komodo dragons
  A rime drake (Lair:4)
  A spriggan zombie (D:15)
  2 yaktaurs (Vaults:1)
  A tengu conjurer (D:13)
  An ancient zyme (Abyss:3)
  A meliai (Abyss:3)
  5 merfolk
  A tyrant leech (Lair:5)
  4 trolls
  A wind drake (Shoals:1)
  3 polar bears (Lair:2)
  7 blink frogs
  6 large abominations (Abyss:3)
  A raiju (Abyss:3)
  6 hornets
  An ettin zombie (D:15)
  5 snapping turtles
  13 slime creatures
  A dream sheep (Lair:3)
  A shadow (D:11)
  A spriggan skeleton (D:15)
  2 vampires
  3 water elementals
  A ynoxinul (Abyss:3)
  37 yaks
  2 wraiths
  A human (Lair:4)
  5 wyverns
  6 basilisks
  A neqoxec (Abyss:3)
  4 vampire mosquitoes (D:12)
  Edmund (D:5)
  2 steam dragons
  A naga (Lair:3)
  6 wargs
  4 small abominations (Abyss:3)
  4 acid dragons
  10 water moccasins
  8 orc warriors
  An ice beast (D:6)
  2 black bears
  11 ogres
  13 centaurs
  10 wolves
  A phantom (D:6)
  A lemure (D:5)
  5 kobold brigands
  6 bullfrogs
  Blork the orc (D:6)
  An earth elemental (Abyss:3)
  3 scorpions (D:5)
  6 gnoll sergeants
  4 wights (D:7)
  Dowan (D:4)
  19 killer bees
  5 electric eels
  2 howler monkeys
  A quasit (Abyss:3)
  3 hounds
  5 jellies
  3 orc priests
  A gnoll bouda (D:6)
  3 iguanas
  7 starcursed masses (Abyss:3)
  Crazy Yiuf (D:6)
  Ijyb (D:5)
  7 orc wizards
  3 hell rats (Lair:3)
  24 gnolls
  7 adders
  2 shadow imps
  4 white imps
  2 ufetubi (D:6)
  A worm (D:4)
  2 dart slugs
  17 orcs
  3 endoplasms
  2 giant cockroaches (D:3)
  7 goblins
  4 hobgoblins
  4 jackals (D:3)
  A quokka (D:2)
  4 ball pythons
  5 bats
  4 frilled lizards
  17 kobolds
  5 rats
  A starspawn tentacle (Abyss:3)
596 creatures vanquished.

Vanquished Creatures (collateral kills)
  Rupert (D:13)
  A sphinx (Vaults:1)
  A vault warden (Vaults:1)
  2 frost giants
  The ghost of Foyclucs the Wallflower, a journeyman DsAr of Uskayaw (D:14)
  3 ironbound preservers (Vaults:1)
  A very ugly thing (Abyss:3)
  A vampire knight (D:14)
  2 ironbound thunderhulks (Vaults:1)
  2 dire elephants
  4 merfolk impalers
  3 merfolk javelineers
  A fire dragon (Lair:5)
  A great orb of eyes (Vaults:1)
  A yaktaur captain (Vaults:1)
  An ice dragon (Lair:5)
  6 hydras
  2 vault guards (Vaults:1)
  An alligator snapping turtle (Shoals:4)
  2 ironbound frosthearts (Vaults:1)
  A centaur warrior (D:13)
  A merfolk aquamancer (Shoals:4)
  A tengu warrior (D:13)
  A two-headed ogre (D:12)
  A vampire mage (Lair:4)
  2 boulder beetles (Vaults:1)
  2 death yaks (Lair:3)
  An orc high priest (Orc:2)
  3 skysharks
  4 skeletal warriors
  7 deep trolls (Vaults:1)
  A flayed ghost (D:14)
  A sea snake (Shoals:1)
  An ironbound convoker (Vaults:1)
  2 lindwurms
  A deep elf pyromancer (D:13)
  3 harpies
  3 orc knights (Orc:2)
  3 orc sorcerers (Orc:2)
  An oklob plant (Lair:3)
  An ugly thing (D:14)
  2 manticores
  4 merfolk sirens
  6 fauns
  2 black mambas
  An elephant (Lair:4)
  A vault sentinel (Vaults:1)
  2 water nymphs
  2 cane toads
  A rime drake (Lair:4)
  4 torpor snails
  2 komodo dragons
  3 meliai (D:14)
  3 trolls
  10 merfolk
  3 wind drakes
  A hornet (Lair:5)
  3 tyrant leeches (Lair:5)
  3 blink frogs
  A snapping turtle (Shoals:3)
  8 dream sheep
  A centaur simulacrum (D:15)
  3 water elementals
  A culicivora (shapeshifter) (D:13)
  9 slime creatures
  2 wraiths (Lair:3)
  17 yaks
  A vampire (D:12)
  A hog (shapeshifter) (D:14)
  A wyvern (Lair:5)
  2 vampire mosquitoes (D:12)
  3 steam dragons (Lair:5)
  3 acid dragons
  A water moccasin (Lair:3)
  A swamp drake (Lair:5)
  A spriggan simulacrum (D:14)
  2 orc warriors
  3 ogres (D:13)
  A wolf (Lair:4)
  4 centaurs (D:12)
  A gnoll sergeant (D:10)
  3 bullfrogs
  A killer bee (D:10)
  An electric eel (D:12)
  6 howler monkeys
  A jelly (Lair:5)
  6 orc priests
  4 iguanas (Lair:5)
  6 orc wizards
  4 hell rats (Lair:3)
  4 gnolls
  10 orcs
244 creatures vanquished.

Vanquished Creatures (others)
  2 orc sorcerers (Vaults:1)
  2 orc high priests (Orc:2)
  6 orc knights
  10 orc warriors
  8 orc priests
  10 orc wizards
  32 orcs
  A starspawn tentacle (Abyss:3)
71 creatures vanquished.

Grand Total: 911 creatures vanquished

Notes
Turn   | Place    | Note
-------+----------+-------------------------------------------
     0 | D:1      | Pixllover the Hill Orc Monk began the quest for the Orb.
     0 | D:1      | Reached XP level 1. HP: 19/19 MP: 1/1
   333 | D:1      | Reached XP level 2. HP: 22/27 MP: 2/2
  1094 | D:2      | Reached skill level 4 in Fighting
  1094 | D:2      | Reached skill level 5 in Axes
  1094 | D:2      | Reached XP level 3. HP: 32/33 MP: 3/3
  1147 | D:2      | Found a faded altar of an unknown god.
  1469 | D:3      | Identified the +2 helmet of Happy Babbling {rF+ Str+3}
  1591 | D:3      | Reached XP level 4. HP: 40/40 MP: 4/4
  1687 | D:3      | Identified the +6 scale mail of Beogh's Pride {MP+9}
  2179 | D:4      | Reached XP level 5. HP: 33/46 MP: 5/5
  2263 | D:4      | Noticed a black bear
  2301 | D:4      | Killed a black bear
  2302 | D:4      | Reached skill level 1 in Armour
  2302 | D:4      | Reached XP level 6. HP: 37/53 MP: 6/6
  2377 | D:4      | You are sucked into a shaft and drop 1 floor!
  2377 | D:5      | Entered Level 5 of the Dungeon
  2379 | D:5      | Noticed Pikel
  2394 | D:5      | Found an opulent altar of Gozag.
  2834 | D:4      | Noticed Dowan
  2834 | D:4      | Noticed Duvessa
  2861 | D:4      | Killed Dowan
  3145 | D:4      | Reached skill level 5 in Fighting
  3516 | D:4      | Reached XP level 7. HP: 61/61 MP: 7/7
  3863 | D:5      | Found a glowing silver altar of Zin.
  3918 | D:5      | Found Peymoimo's Antique Weapon Shop.
  3948 | D:5      | Bought a glowing hand axe for 144 gold pieces
  4008 | D:5      | Killed Pikel
  4009 | D:5      | Reached skill level 6 in Fighting
  4009 | D:5      | Reached XP level 8. HP: 54/71 MP: 8/8
  4014 | D:5      | Reached skill level 7 in Fighting
  4019 | D:5      | Reached skill level 1 in Stealth
  4082 | D:5      | Found a transporter.
  4138 | D:5      | Noticed Edmund
  4143 | D:5      | Noticed Ijyb
  4151 | D:5      | Killed Edmund
  4152 | D:5      | Reached skill level 10 in Axes
  4154 | D:5      | Killed Ijyb
  4276 | D:5      | Identified the +2 scale mail "Kunaucoh" {rPois Dex+2}
  4293 | D:5      | Noticed Beaer's ghost (weakling OpDe)
  4305 | D:5      | Found a transporter.
  4486 | D:6      | Reached XP level 9. HP: 79/79 MP: 9/9
  4586 | D:6      | Reached skill level 5 in Armour
  4665 | D:6      | Noticed Blork the orc
  4670 | D:6      | Killed Blork the orc
  4769 | D:6      | Reached skill level 8 in Fighting
  4802 | D:6      | Became a worshipper of Beogh the Brigand
  4802 | D:6      | Reached * piety under Beogh
  4802 | D:6      | Reached ** piety under Beogh
  4858 | D:6      | Found a runed translucent door.
  4859 | D:6      | Noticed Crazy Yiuf
  4865 | D:6      | Killed Crazy Yiuf
  4941 | D:6      | Identified the +10 whip "Upnyon" {holy, *Rage rElec rC-
                  | rCorr}
  5102 | D:6      | Noticed Maggie
  5125 | D:6      | Killed Maggie
  5144 | D:6      | Found a blossoming altar of Fedhas.
  5457 | D:6      | Reached skill level 9 in Fighting
  5593 | D:7      | Found a staircase to the Ecumenical Temple.
  5743 | D:7      | Found a bloodstained altar of Trog.
  5743 | D:7      | Found a shimmering altar of Xom.
  5756 | D:7      | Found an ancient bone altar of Kikubaaqudgha.
  5756 | D:7      | Found a basalt altar of Yredelemnul.
  5862 | D:7      | Found Qepach's Lightly-Used Armoury.
  6033 | D:7      | Reached XP level 10. HP: 86/91 MP: 10/10
  6042 | D:7      | Found Nimod's Antique Armour Boutique.
  6164 | D:8      | Noticed Maurice
  6167 | D:8      | Maurice stole 51 gold
  6170 | D:8      | Killed Maurice
  6171 | D:8      | Reached skill level 10 in Fighting
  6195 | D:8      | Found a sparkling altar of Nemelex Xobeh.
  6195 | D:8      | Found a transporter.
  6195 | D:8      | Noticed a centaur warrior
  6196 | D:8      | Noticed a cyclops
  7113 | D:9      | Reached skill level 11 in Fighting
  7322 | D:9      | Reached *** piety under Beogh
  7843 | D:9      | Found a staircase to the Orcish Mines.
  8037 | D:9      | Reached XP level 11. HP: 88/102 MP: 11/11
  8087 | D:9      | Reached skill level 5 in Dodging
  8160 | Orc:1    | Entered Level 1 of the Orcish Mines
  8160 | Orc:1    | Noticed an orc sorcerer
  8332 | D:10     | Entered Level 10 of the Dungeon
  8389 | D:10     | Reached skill level 12 in Fighting
  8796 | D:10     | Found a broken altar of Ashenzari.
  8801 | D:10     | Saw a vision of the Shoals and the Snake Pit.
  8801 | D:10     | Noticed a naga ritualist
  8801 | D:10     | Noticed a mana viper
  8801 | D:10     | Noticed a mana viper
  8801 | D:10     | Noticed a manticore
  8801 | D:10     | Noticed an anaconda
  8802 | D:10     | Noticed a manticore
  8837 | D:10     | Noticed a two-headed ogre
  8844 | D:10     | Killed a two-headed ogre
  9121 | D:10     | Noticed a two-headed ogre
  9132 | D:10     | Killed a two-headed ogre
  9133 | D:10     | Reached skill level 15 in Axes
  9436 | D:11     | Found a gate leading to a gauntlet.
  9450 | D:11     | Noticed a boulder beetle
  9493 | D:11     | Killed a boulder beetle
  9710 | D:11     | Reached **** piety under Beogh
  9845 | D:11     | Noticed Erolcha
  9889 | D:11     | Killed Erolcha
 10041 | D:11     | Noticed a two-headed ogre
 10052 | D:11     | Killed a two-headed ogre
 10053 | D:11     | Reached skill level 13 in Fighting
 10185 | D:11     | Noticed a two-headed ogre
 10190 | D:11     | Noticed a two-headed ogre
 10193 | D:11     | Killed a two-headed ogre
 10194 | D:11     | Reached XP level 12. HP: 106/115 MP: 12/12
 10196 | D:11     | Killed a two-headed ogre
 10815 | D:11     | Found a staircase to the Lair.
 10827 | D:11     | Reached skill level 14 in Fighting
 10994 | Lair:1   | Entered Level 1 of the Lair of Beasts
 11014 | Lair:1   | Identified the +0 chain mail of Pytt {Str+3}
 11417 | Lair:1   | Found a shimmering altar of Xom.
 12174 | Lair:2   | Noticed a seven-headed hydra
 12320 | Orc:1    | Reached ***** piety under Beogh
 12362 | Orc:1    | Reached skill level 1 in Invocations
 12542 | Orc:1    | Gained Ortolf as an ally
 12713 | Orc:1    | Noticed an orc warlord
 12723 | Orc:1    | Your ally Ortolf died
 12767 | Orc:1    | Found a roughly hewn altar of Beogh.
 12952 | Orc:1    | Noticed a two-headed ogre
 12961 | Orc:1    | Killed a two-headed ogre
 12987 | Orc:1    | Reached skill level 15 in Fighting
 13007 | Orc:1    | Noticed Fannar
 13018 | Orc:1    | Killed Fannar
 13019 | Orc:1    | Reached XP level 13. HP: 102/126 MP: 14/14
 13146 | Orc:2    | Entered Level 2 of the Orcish Mines
 13235 | Orc:2    | Gained Agrik as an ally
 13240 | Orc:2    | Found Diuplo's Jewellery Boutique.
 13240 | Orc:2    | Found Omirergh's Antique Weapon Shoppe.
 13244 | Orc:2    | Found Boacwa's Jewellery Boutique.
 13244 | Orc:2    | Found Wonk's Distillery.
 13258 | Orc:2    | Bought a potion of heal wounds for 80 gold pieces
 13275 | Orc:2    | Bought an amulet of regeneration for 390 gold pieces
 13566 | Orc:2    | Bought a runed flail for 208 gold pieces
 13712 | Orc:2    | Found a staircase to the Elven Halls.
 13829 | Orc:2    | Found a roughly hewn altar of Beogh.
 14352 | Lair:2   | Gained Orik as an ally
 14725 | Lair:2   | Reached skill level 16 in Fighting
 14748 | Lair:2   | Found a staircase to the Shoals.
 14759 | Shoals:1 | Entered Level 1 of the Shoals
 14779 | Shoals:1 | Found a transporter.
 14844 | Shoals:1 | Found a transporter.
 14844 | Shoals:1 | Found the macabre finger necklace {Finger+ rN+}
 15504 | Shoals:1 | Reached XP level 14. HP: 138/138 MP: 15/15
 15930 | Shoals:2 | Noticed Aizul
 15941 | Shoals:1 | Killed Aizul
 15942 | Shoals:1 | Reached skill level 17 in Fighting
 16162 | Shoals:2 | Gained Borgoth as an ally
 16343 | Shoals:2 | Reached skill level 10 in Armour
 16344 | Shoals:2 | Reached ****** piety under Beogh
 16363 | Shoals:2 | Your ally Borgoth died
 16681 | Shoals:3 | Reached skill level 1 in Throwing
 16762 | Shoals:3 | Found Fipoutes's Weapon Boutique.
 16780 | Shoals:3 | Your ally Agrik died
 17022 | Shoals:3 | Reached skill level 18 in Fighting
 17107 | Shoals:4 | Entered Level 4 of the Shoals
 17243 | Shoals:4 | Your ally Orik died
 17253 | Shoals:4 | Identified the +10 trident of Vireore {heavy, rCorr}
 17699 | Shoals:4 | Gained Learuk as an ally
 17888 | Shoals:4 | Noticed a frost giant
 17898 | Shoals:4 | Killed a frost giant
 17901 | Shoals:4 | Gained Bogbarth as an ally
 17928 | Shoals:4 | Got a barnacled rune of Zot
 18210 | Lair:3   | Found a staircase to the Snake Pit.
 18245 | Lair:3   | Noticed Josephine
 18256 | Lair:3   | Killed Josephine
 18259 | Lair:3   | Reached skill level 19 in Fighting
 18268 | Lair:3   | Reached XP level 15. HP: 152/152 MP: 17/17
 18851 | Lair:3   | Identified the +4 rapier of Giwk {drain, rPois rC- Dex+2}
 19730 | Lair:4   | Found a runed translucent door.
 20298 | Lair:5   | Entered Level 5 of the Lair of Beasts
 20335 | Lair:5   | Reached skill level 20 in Fighting
 20391 | Lair:5   | Found a viscous altar of Jiyva.
 20398 | Lair:5   | Found a staircase to the Slime Pits.
 20742 | Lair:5   | Gained Bladwarg as an ally
 20944 | Lair:5   | Found a runed translucent door.
 21676 | D:12     | Gained Ortolf as an ally
 21861 | D:12     | Found Tuadad's Magic Scroll Boutique.
 21875 | D:12     | Bought a scroll of brand weapon for 104 gold pieces
 21974 | D:13     | Noticed Lodul
 21985 | D:13     | Killed Lodul
 22000 | D:13     | Found a runed translucent door.
 22007 | D:13     | Found a runed translucent door.
 22056 | D:13     | Reached XP level 16. HP: 165/165 MP: 19/19
 22137 | D:13     | Reached skill level 21 in Fighting
 22530 | D:13     | Noticed Urug
 22532 | D:13     | Noticed Rupert
 22541 | D:13     | Paralysed by Rupert for 3 turns
 22543 | D:13     | Killed Rupert
 22634 | D:13     | Found a gate to the Vaults.
 22834 | D:13     | Found a runed translucent door.
 23092 | D:14     | Found a transporter.
 23092 | D:14     | Noticed Foyclucs's ghost (journeyman DsAr)
 23241 | D:14     | Found a transporter.
 23291 | D:14     | Gained Wargrak as an ally
 23299 | D:14     | Killed Foyclucs's ghost
 23304 | D:14     | Identified the +0 cloak "Molog" {Drain rN+ Int+2 Slay+2}
 23816 | D:15     | Entered Level 15 of the Dungeon
 24064 | D:15     | Found a staircase to the Depths.
 24641 | Vaults:1 | Entered Level 1 of the Vaults
 24705 | Vaults:1 | Identified the staff "Hill Orc's Peril" {rPois rF+ rN+
                  | Int+4 Summ Poison}
 24788 | Vaults:1 | Noticed a sphinx
 24791 | Vaults:1 | Paralysed by a sphinx for 3 turns
 24794 | Vaults:1 | Killed a sphinx
 24861 | Vaults:1 | Reached skill level 22 in Fighting
 24864 | Vaults:1 | Your ally Ortolf died
 25072 | Vaults:1 | HP: 7/170 [ironbound frostheart/creeping frost (34)]
 25076 | Vaults:1 | Reached XP level 17. HP: 37/178 MP: 20/20
 25363 | Vaults:1 | Reached skill level 23 in Fighting
 25449 | Vaults:1 | Paralysed by a formless jellyfish for 1 turns
 26264 | Abyss:3  | Cast into level 3 of the Abyss (vault warden)
 26325 | Abyss:3  | Gained mutation: [You are frail. (-10% HP)] [a neqoxec]
 26533 | Abyss:3  | Noticed a tentacled starspawn
 26544 | Abyss:3  | Killed a tentacled starspawn
 26570 | Abyss:3  | Reached skill level 24 in Fighting
 26594 | Abyss:3  | HP: 4/145 [starcursed mass/accursed screaming (9)]
 26603 | Abyss:3  | HP: 5/145 [starcursed mass/accursed screaming (8)]
 26603 | Abyss:3  | Paralysed by accursed screaming for 1 turns
 26620 | Abyss:3  | HP: 5/145 [something (4)]
 26620 | Abyss:3  | Slain by a vampire mage

Illustrated notes

Levels and vault maps discovered:
D:1:      saegor_arrival_simple_e, layout_basic
D:2:      layout_loops_ring, shapermc_ecumenical_altar_ellora, minmay_tripent
D:3:      layout_rooms, serial_curves, eino_curves_03, eino_curves_04,
          eino_curves_04, eino_curves_01
D:4:      layout_loops_ring, nicolae_figureground_pulse, uniq_duvessa
D:5:      layout_rooms, lemuel_tele_altar, kennysheep_mini_moat,
          gammafunk_ghost_gnarly_gnolls, serial_shops,
          nicolae_shop_competitors_out_of_business, uniq_edmund, uniq_pikel,
          uniq_ijyb
D:6:      layout_loops_ring, fedhas_altar_1, kennysheep_generic_room_9,
          uniq_blork_the_orc, uniq_maggie, uniq_crazy_yiuf_cottage
D:7:      layout_basic, mainiacjoe_overflow_alcove_3,
          minmay_temple_entry_stoned_glass, serial_shops, shop,
          minmay_shop_damaged, minmay_hedge_maze
D:8:      layout_gridville, grunt_nemelex_the_gamble, uniq_maurice
D:9:      layout_loops_ring, kennysheep_orc_monster_closet_entryway,
          kennysheep_pointless_box, minmay_door_square
D:10:     layout_long_grid, grunt_ashenzari_visionary
          [grunt_ashenzari_visionary_shoals, grunt_ashenzari_visionary_snake]
D:11:     layout_rooms, erik_lair_dragon, gauntlet_entry_generic,
          minmay_joined_circles, uniq_erolcha
D:12:     layout_big_octagon, serial_shops, shop
D:13:     layout_loops_cross, hellmonk_vaults_attempted_burglary,
          serial_co_window_serial, co_window_of_opportunity_a,
          co_window_paths_a, co_window_paths_a, co_window_corner_a,
          co_window_of_opportunity_a, co_window_corner_a, co_window_broadway_b,
          co_window_cross_3, co_window_corner_ca, co_window_of_opportunity_c,
          glass_columns_a, glass_columns_a, glass_columns_a, glass_columns_a,
          mikee_hates_you, uniq_lodul, uniq_urug, uniq_rupert
D:14:     layout_basic, gammafunk_ghost_mausoleum,
          hangedman_abyss_or_decor_lesser_grid, minmay_misc_feat_enclosed
D:15:     gammafunk_depths_entry_grave, layout_loops_ring,
          hangedman_decor_points
Lair:1:   layout_gridlike, basic_altar, lemuel_fruit_tree, grunt_megastairs_4,
          serial_bayou_shore_b, serial_bayou_shore_a
Lair:2:   layout_misc_corridors, minmay_shoals_entry_lonely_mermaid
Lair:3:   statuecave_lemuel, layout_layer_cave, guppyfry_snake_entry_island,
          grunt_megastairs_3, uniq_josephine
Lair:4:   layout_regular_city, nicolae_quartered_pool_medium,
          pdpol_lair_cabin_in_the_woods
Lair:5:   guppyfry_lair_end_dragon, layout_gridlike, wormcave,
          nicolae_slime_entry_field_trip, st_stairs_4,
          small_statue_intersection, infiniplex_staircase_pool_2
Shoals:1: gammafunk_sealed_arena, layout_shoals
Shoals:2: layout_shoals, uniq_aizul
Shoals:3: layout_shoals, serial_shops, shop
Shoals:4: shoals_end_grunt_ice, layout_shoals, uniq_polyphemus, uniq_donald
Orc:1:    cheibrodos_orc_guarddog, layout_diamond_mine, minmay_orc_temple_b,
          uniq_fannar
Orc:2:    grunt_orc_tribal_feast, layout_caves, basic_altar
Vaults:1: nicolae_vaults_octothorpe, st_octagons_2,
          nicolae_vaults_closet_pinwheel_3, nicolae_vaults_closet_pinwheel_1,
          vaults_mumra_chevron_long, ontoclasm_vaults_chip,
          hangedman_vaults_corner_blocks, nicolae_vaults_apartment_2,
          nicolae_vaults_little_ls, vaults_standard_mumra_x,
          nicolae_vaults_network_star, layout_vaults_omnibox
Vaults:2: minmay_crypt_entry_simple_corners,
          nicolae_vaults_variable_pillar_hall, hangedman_vaults_corner_blocks,
          grunt_vaults_trifunnel, v_misc_15, nicolae_vaults_hallways_thing,
          vaults_room_stairs_pillars, dpeg_vaults_hating_casters,
          dpeg_vaults_monster_row, ontoclasm_vaults_loading_screen,
          vaults_dpeg_spiral, nicolae_vaults_octothorpe,
          nicolae_vaults_heart-shaped_vault, nicolae_vaults_storage_closets_3,
          nicolae_vaults_double_plus_1, layout_vaults_big_cross, serial_shops,
          nicolae_shop_waterfront, uniq_bai_suzhen
Abyss:3:  base: D:15, evilmike_abyss_exit_5, grunt_abyss_rune_wretched_hive

Skill      XL: |  1  2  3  4  5  6  7  8  9 10 11 12 13 14 15 16 17 |
---------------+----------------------------------------------------+-----
Fighting       | 4 5 6 7 9 11 13 15 16 19 20 22 24 | 24.1
Axes           | 5 6 7 9 10 12 14 16 17 19 20 21 22 23 | 23.2
Dodging        | 3 4 5 6 7 8 |  8.1
Armour         | 1 2 4 6 8 9 10 11 12 | 12.6
Stealth        | 1 2 3 4 |  4.5
Invocations    | 1 2 3 4 |  4.8
Throwing       | 1 |  1.3

Action                     |  1- 3 |  4- 6 |  7- 9 | 10-12 | 13-15 | 16-18 || total
---------------------------+-------+-------+-------+-------+-------+-------++-------
  Melee: Hand axe          |    55 |    84 |   140 |       |       |       ||   279
         Broad axe         |       |       |    33 |     7 |       |       ||    40
         Battleaxe         |       |       |       |   440 |   534 |   340 ||  1314
  Throw: Dart              |       |     4 |       |     5 |     4 |       ||    13
         Throwing net      |       |     1 |       |       |       |       ||     1
 Invoke: Smiting           |       |       |     1 |     3 |     3 |       ||     7
         Convert to Beogh  |       |       |     1 |       |       |       ||     1
         Recall Orcish Fol |       |       |       |       |    20 |     6 ||    26
         Give Item to Name |       |       |       |       |     3 |       ||     3
    Use: Scroll            |     3 |     2 |     8 |       |    11 |     4 ||    28
         Potion            |       |     5 |     1 |       |     3 |     8 ||    17
   Stab: Distracted        |       |       |       |       |     5 |     3 ||     8
         Confused          |       |       |       |       |     1 |       ||     1
         Paralysed         |       |       |       |       |     4 |     1 ||     5
         Sleeping          |       |       |       |       |       |     1 ||     1
 Armour: Robe              |    24 |       |       |       |       |       ||    24
         Ring mail         |     9 |    79 |       |       |       |       ||    88
         Scale mail        |       |    39 |   140 |   516 |   557 |   357 ||  1609
  Dodge: Dodged            |    37 |    78 |   111 |   334 |   528 |   260 ||  1348

Table legend: (Time is in decaauts)
 A = Elapsed time spent in this place.
 B = Non-inter-level travel time spent in this place.
 C = Inter-level travel time spent in this place.
 D = Time resting spent in this place.
 E = Time spent auto-exploring this place.
 F = Levels seen in this place.
 G = Mean time per level.
                   A        B        C        D        E       F      G
               +--------+--------+--------+--------+--------+-----+--------+
         Total |  26577 |  25242 |   1335 |   2886 |  12984 |  29 |  916.4 |
       Dungeon |  14427 |  13617 |    810 |   1821 |   7672 |  15 |  961.8 |
          Lair |   5295 |   5082 |    213 |    214 |   3228 |   5 | 1059.0 |
        Shoals |   3275 |   3142 |    133 |    499 |    753 |   4 |  818.8 |
  Orcish Mines |   1590 |   1426 |    164 |    117 |    763 |   2 |  795.0 |
        Vaults |   1630 |   1617 |     13 |    172 |    548 |   2 |  815.0 |
         Abyss |    359 |    359 |      0 |     63 |     20 |   1 |  359.0 |
               +--------+--------+--------+--------+--------+-----+--------+

Top non-repeatable levels by time:
    D:11: 1749 daAuts
Vaults:1: 1540 daAuts
     D:9: 1530 daAuts
     D:4: 1389 daAuts
Shoals:1: 1273 daAuts
  Lair:3: 1220 daAuts
  Lair:5: 1205 daAuts
    D:10: 1125 daAuts
  Lair:1: 1078 daAuts
    D:13: 1072 daAuts
    D:14: 975 daAuts
  Lair:4: 968 daAuts
     D:3: 946 daAuts
   Orc:1: 924 daAuts
     D:7: 873 daAuts
